 Dungeon Crawl Stone Soup version 0.24.0-2-g5b39cebb1c (webtiles) character file.

Game seed: 7944623815264525573, levelgen mode: deterministic

196 Aviak the Skirmisher (level 5, -8/48 HPs)
             Began as a Hill Orc Assassin on Oct 29, 2019.
             Mangled by Pikel
             ... wielding a +0 whip of electrocution
              (20 damage)
             ... on level 4 of the Dungeon.
             The game lasted 00:03:15 (2103 turns).

Aviak the Skirmisher (Hill Orc Assassin)            Turns: 2103, Time: 00:03:16

Health: -8/48      AC:  6    Str: 14 (15) XL:     5   Next: 74%
Magic:  5/5        EV: 12    Int: 10 (11) God:
Gold:   99         SH:  0    Dex:  9 (12) Spells: 4/4 levels left

rFire    . . .     SeeInvis .   p - +0 war axe
rCold    + . .     Gourm    .   (no shield)
rNeg     . . .     Faith    .   q - +1 leather armour {rC+}
rPois    .         Spirit   .   (no helmet)
rElec    .         Reflect  .   h - +0 cloak
rCorr    .         Harm     .   k - +0 pair of gloves
MR       .....                  (no boots)
Stlth    ++........             (no amulet)
HPRegen  0.16/turn              (no ring)
MPRegen  0.09/turn              (no ring)

@: very slightly contaminated, invisible
A: no striking features
a: no special abilities


You were on level 4 of the Dungeon.
You were not hungry.

You visited 1 branch of the dungeon, and saw 4 of its levels.

You collected 99 gold pieces.

Inventory:

Hand Weapons
 a - a +2 dagger
 p - a +0 war axe (weapon)
Missiles
 d - 26 poisoned darts (quivered)
 e - 2 curare-tipped darts
Armour
 b - a +0 robe
 h - a +0 cloak (worn)
 k - a +0 pair of gloves (worn)
 q - a +1 leather armour of cold resistance (worn)
Jewellery
 o - an uncursed ring of see invisible {unknown}
Scrolls
 i - 4 scrolls of identify {unknown}
 j - a scroll of immolation {unknown}
 n - a scroll of remove curse {unknown}
 t - 3 scrolls of teleportation
Potions
 l - a potion of cancellation
Comestibles
 f - 3 rations


   Skills:
 + Level 5.1 Fighting
 - Level 2.0 Short Blades
 + Level 0.9 Axes
 - Level 1.7 Throwing
 + Level 3.1 Dodging
 - Level 3.2 Stealth


You had 4 spell levels left.
You didn't know any spells.
Your spell library was empty.

Dungeon Overview and Level Annotations

Branches:
Dungeon (5/15)
 Temple: D:4-7

Altars:
Kikubaaqudgha

Annotations:
D:2 2 transporters
D:4 Pikel


Message History

Pikel is moderately wounded.
Pikel says, "I'm sure the Orcish Mines are around here somewhere..."
Pikel hits you with a +0 whip of electrocution.
* * * LOW HITPOINT WARNING * * *
Pikel zaps a wand.
Your will is overpowered!
You are confused.
You feel better. Pikel barely misses you.
You hit Pikel.
Pikel is moderately wounded.
You slash Pikel!
Pikel is heavily wounded.
Pikel barely misses you. Pikel hits you but does no damage.
You are electrocuted!
* * * LOW HITPOINT WARNING * * *
You barely miss Pikel.
Pikel is heavily wounded.
Pikel hits you with a +0 whip of electrocution.
* * * LOW HITPOINT WARNING * * *
You are electrocuted!!
You die...

#.............
###.............
#..............
#.p...K........
#..............
#.............)
#p.............
####..............
#@##.............†
##Kpp............)
###p.............
#.........#####
##......##
########


You could see Pikel and 3 slaves.

Vanquished Creatures
  A centaur skeleton (D:5)
  A jelly (D:5)
  An orc wizard (D:4)
  2 worker ants
  An adder (D:2)
  A worm (D:2)
  A dart slug (D:2)
  3 leopard geckos
  7 orcs (D:4)
  A giant cockroach (D:2)
  6 goblins (D:1)
  6 hobgoblins
  4 kobolds (D:1)
  5 bats
  2 rats
42 creatures vanquished.

Notes
Turn   | Place    | Note
-------+----------+-------------------------------------------
     0 | D:1      | Aviak the Hill Orc Assassin began the quest for the Orb.
     0 | D:1      | Reached XP level 1. HP: 18/18 MP: 1/1
    12 | D:1      | Reached skill level 1 in Dodging
   200 | D:1      | Reached XP level 2. HP: 25/25 MP: 2/2
   211 | D:1      | Reached skill level 3 in Fighting
   736 | D:2      | Reached XP level 3. HP: 29/31 MP: 3/3
  1255 | D:2      | Found a transporter.
  1255 | D:2      | Found a transporter.
  1270 | D:2      | Noticed a hippogriff
  1273 | D:2      | Found an ancient bone altar of Kikubaaqudgha.
  1336 | D:2      | You fall into a shaft and drop 2 floors!
  1558 | D:4      | Reached skill level 4 in Fighting
  1558 | D:4      | Reached XP level 4. HP: 26/40 MP: 4/4
  1693 | D:4      | You fall into a shaft and drop 1 floor!
  1693 | D:5      | Entered Level 5 of the Dungeon
  1753 | D:5      | Reached XP level 5. HP: 37/47 MP: 5/5
  1829 | D:4      | Reached skill level 5 in Fighting
  2045 | D:4      | Noticed a slave
  2062 | D:4      | Noticed a slave
  2064 | D:4      | Noticed Pikel
  2064 | D:4      | Noticed a slave
  2088 | D:4      | Noticed a slave
  2103 | D:4      | Mangled by Pikel

Levels and vault maps discovered:
D:1:      minmay_arrival_nine_rooms, layout_rooms,
          chequers_serial_rivers_room_b, chequers_jeans
D:2:      layout_basic, gammafunk_temple_overflow_arena, uniq_jessica
D:4:      layout_layer_cave, lemuel_doored_altar, kennysheep_mini_moat,
          uniq_pikel
D:5:      layout_loops_ring, vehumet_statue, minmay_temple_entry_trees,
          first_ration

Skill      XL: |  1  2  3  4  5 |
---------------+----------------+-----
Dodging        | 1 2 3 |  3.1
Fighting       | 3 4 5 |  5.1
Short Blades   | |  2.0
Axes           | |  0.9
Throwing       | |  1.7
Stealth        | |  3.2

Action                   |  1- 3 |  4- 6 || total
-------------------------+-------+-------++-------
Melee: Dagger            |   145 |    27 ||   172
       War axe           |       |    33 ||    33
  Use: Potion            |       |     7 ||     7
       Scroll            |       |     1 ||     1
 Stab: Sleeping          |     7 |     2 ||     9
       Invisible         |       |     1 ||     1
  Eat: Chunk             |     2 |     2 ||     4
Armor: Robe              |    30 |       ||    30
       Leather armour    |     4 |    15 ||    19
Dodge: Dodged            |    69 |    51 ||   120
